Map: World of Sleepers LE

Players

ViBE - Winner!

  • Race: Zerg Zerg
  • League: Diamond
  • Spawn Location: 1:00

Geo

  • Race: Zerg Zerg
  • League: Diamond
  • Spawn Location: 7:00

VOD

Have the link to the VOD?

Description

Time

  • Played on: Dec. 19, 2019, 7:46 p.m.
  • Length: 10:05
Show
View Real Time Build Order
Export as new Build Order

ViBE Zerg - Winner!

Build Orders: Hatch First 

Get SALT Encoding   

  12  0:01  Drone  
  13  0:13  Overlord  
  13  0:18  Drone  
  14  0:32  Drone x2  
  16  0:49  Hatchery  
  15  0:52  Drone  
  15  0:56  Drone  
  17  1:00  Drone  
  18  1:11  Extractor  
  17  1:15  Spawning Pool  
  17  1:18  Drone  
  17  1:22  Drone  
  18  1:30  Drone  
  19  1:43  Overlord  
  19  2:02  Drone  
  19  2:03  Drone x2, Queen x2  
  26  2:14  Zergling x4  
  28  2:22  Drone, Metabolic Boost  
  29  2:32  Overlord  
  29  2:42  Overlord  
  29  2:47  Drone x2  
  29  2:48  Drone  
  32  2:55  Baneling Nest  
  32  2:56  Drone x2  
  33  3:05  Hatchery  
  32  3:08  Drone x2  
  34  3:16  Overlord  
  33  3:20  Drone  
  33  3:21  Drone x2  
  37  3:27  Drone x4  
  40  3:36  Overlord  
  40  3:38  Drone  
  40  3:39  Queen  
  43  3:52  Drone  
  43  3:53  Drone x4, Roach Warren  
  47  3:56  Drone x2  
  47  3:58  Drone  
  47  3:59  Drone  
  51  4:05  Lair  
  50  4:13  Extractor x2  
  48  4:18  Evolution Chamber  
  48  4:21  Zergling x4  
  49  4:27  Drone  
  49  4:28  Drone x7  
  57  4:38  Overlord  
  57  4:39  Overlord  
  57  4:40  Roach x3  
  57  4:44  Zerg Missile Weapons Level 1  
  63  4:51  Roach x4  
  71  5:00  Overlord  
  71  5:02  Roach x4  
  78  5:13  Glial Reconstitution  
  78  5:15  Overlord  
  78  5:16  Overlord  
  78  5:21  Roach  
  78  5:22  Roach x2  
  78  5:25  Drone x8  
  91  5:38  Roach x5  
  91  5:41  Roach  
  103  5:53  Roach x4  
  111  5:58  Queen  
  111  6:02  Roach  
  112  6:05  Overlord x3  
  112  6:06  Drone  
  111  6:15  Hydralisk Den  
  111  6:16  Drone, Evolution Chamber  
  111  6:17  Drone x2, Extractor  
  111  6:18  Overseer  
  111  6:26  Roach x4  
  111  6:31  Queen  
  118  6:41  Drone x3  
  118  6:43  Drone  
  122  6:54  Overlord  
  122  6:55  Overlord x5, Extractor  
  122  6:56  Extractor  
  122  6:57  Drone x2  
  122  6:59  Zerg Ground Armor Level 1  
  121  7:13  Roach  
  121  7:14  Roach x7  
  129  7:15  Queen  
  129  7:17  Queen  
  129  7:21  Drone x3  
  128  7:22  Grooved Spines  
  128  7:29  Drone x3  
  130  7:45  Hatchery  
  129  7:56  Drone  
  129  7:57  Drone x10  
  130  8:16  Drone  
  130  8:17  Drone x2  
  130  8:18  Roach  
  130  8:19  Roach x2  
  139  8:23  Spine Crawler x3  
  139  8:26  Spine Crawler  
  133  8:27  Spine Crawler  
  133  8:30  Roach x3  
  88  8:51  Roach x4  
  88  8:52  Roach x2  
  87  9:16  Spire  
  82  9:21  Hatchery  
Show
View Real Time Build Order
Export as new Build Order

Geo Zerg 

Build Orders: Hatch First 

Get SALT Encoding   

  12  0:01  Drone  
  13  0:12  Overlord  
  13  0:22  Drone  
  14  0:31  Drone x2  
  16  0:38  Drone  
  17  0:49  Drone  
  18  0:56  Hatchery  
  17  1:08  Spawning Pool  
  16  1:11  Drone  
  16  1:15  Drone  
  18  1:21  Drone  
  19  1:26  Extractor  
  19  1:29  Drone  
  19  1:39  Drone  
  20  1:50  Drone  
  21  2:01  Queen  
  21  2:02  Extractor  
  21  2:05  Evolution Chamber  
  23  2:08  Drone  
  23  2:09  Queen  
  23  2:12  Drone x2  
  27  2:23  Drone  
  27  2:28  Overlord  
  28  2:30  Zerg Melee Weapons Level 1  
  28  2:38  Drone, Spine Crawler  
  28  2:42  Overlord  
  28  2:46  Drone x2  
  28  2:51  Queen  
  30  2:52  Extractor  
  30  2:53  Drone  
  30  2:57  Zergling x2  
  33  3:02  Drone  
  34  3:06  Drone  
  34  3:12  Drone x3  
  38  3:13  Evolution Chamber  
  38  3:15  Drone  
  38  3:18  Drone x3  
  41  3:22  Drone  
  41  3:26  Drone  
  43  3:29  Drone  
  44  3:45  Zerg Ground Armor Level 1  
  44  3:57  Overlord x3  
  44  4:05  Hatchery  
  43  4:11  Lair  
  43  4:12  Metabolic Boost  
  43  4:21  Drone x3  
  43  4:22  Drone x2  
  43  4:23  Overlord  
  48  4:31  Zergling x8  
  50  4:32  Hatchery  
  50  4:35  Drone x2  
  50  4:36  Zergling x2  
  54  4:44  Zergling x2  
  55  4:47  Zergling x2  
  56  4:54  Zergling x2  
  56  4:56  Baneling Nest  
  56  4:58  Zergling x2  
  57  5:14  Drone  
  57  5:15  Zergling x8  
  57  5:20  Zergling x2  
  57  5:21  Queen  
  63  5:25  Zerg Melee Weapons Level 2  
  65  5:35  Zergling x12  
  71  5:42  Zerg Ground Armor Level 2  
  71  5:48  Infestation Pit, Zergling x2  
  71  5:49  Zergling x12  
  77  5:51  Zergling x2  
  68  6:13  Zergling x22  
  68  6:16  Zergling x2  
  80  6:20  Zergling x4  
  81  6:30  Zergling x16  
  81  6:31  Zergling x2  
  87  6:36  Zergling x2  
  79  6:45  Zergling x12  
  83  6:49  Hive  
  83  6:52  Zergling x6  
  86  7:02  Zergling x2  
  86  7:03  Zergling x2  
  86  7:04  Overlord  
  86  7:05  Overlord x5  
  73  7:22  Zergling x18  
  73  7:23  Zergling x6  
  73  7:29  Zergling x2  
  78  7:30  Zergling x6  
  78  7:33  Zergling x12  
  85  7:37  Zergling x6  
  85  7:43  Zergling x2  
  88  7:49  Zergling x2  
  86  8:01  Zergling x12  
  86  8:02  Zergling x8  
  86  8:04  Zergling x2  
  86  8:05  Zergling x10  
  90  8:13  Zergling x2  
  90  8:14  Zergling x8  
  92  8:33  Zergling x14  
  76  8:43  Zergling x6  
  68  8:56  Zergling x6  
  60  9:10  Zergling x8  
Tags
 
Add a new tag
Caveats
  • Supply blocks, unpowered buildings, or Contaminate may cause inaccurate times.
  • Supply counts are checked every 10 seconds.